 Dungeon Crawl Stone Soup version 0.23.2-11-gf996548 (webtiles) character file.

Game seed: 105305005079588019

214 IBeShadow the Firebug (level 5, -2/44 HPs)
             Began as a Draconian Fire Elementalist on June 3, 2019.
             Succumbed to Edmund's poison
             ... on level 3 of the Dungeon.
             The game lasted 00:03:30 (3354 turns).

IBeShadow the Firebug (Draconian Fire Elementalist) Turns: 3354, Time: 00:03:30

Health: -2/44      AC:  6    Str: 19    XL:     5   Next: 59%
Magic:  6/8        EV: 12    Int: 16    God:
Gold:   91         SH:  0    Dex: 11    Spells: 2/8 levels left

rFire    . . .     SeeInvis .   p - +3 quarterstaff (chaos)
rCold    . . .     Gourm    .   (shield currently unavailable)
rNeg     + . .     Faith    .   (armour unavailable)
rPois    .         Spirit   .   (helmet restricted)
rElec    .         Reflect  .   q - +0 cloak
rCorr    .         Harm     .   (no gloves)
MR       .....                  (no boots)
Stlth    ++........             (no amulet)
HPRegen  0.14/turn              c - ring of positive energy
MPRegen  0.11/turn              o - +3 ring of strength

@: mighty, lethally poisoned (-2 -> -65)
A: unfitting armour, cold-blooded, AC +5
a: no special abilities


You were on level 3 of the Dungeon.
You were not hungry.

You visited 1 branch of the dungeon, and saw 4 of its levels.

You collected 91 gold pieces.

Inventory:

Hand Weapons
 m - a +1 mace of protection
 p - a +3 quarterstaff of chaos (weapon)
Armour
 q - a +0 cloak (worn)
Jewellery
 c - a ring of positive energy (left hand)
 h - an uncursed ring of see invisible
 o - a +3 ring of strength (right hand)
Scrolls
 d - 3 scrolls of identify {unknown}
 e - a scroll of teleportation {unknown}
 f - 2 scrolls of amnesia {unknown}
 i - 2 scrolls of fear {unknown}
 n - 2 scrolls of remove curse {unknown}
 r - a scroll of enchant armour {unknown}
 t - a scroll of enchant weapon {unknown}
Potions
 a - a potion of lignification {unknown}
 g - a potion of agility {unknown}
 k - 2 potions of might
 l - a potion of flight {unknown}
Comestibles
 b - 5 rations


   Skills:
 + Level 2.9 Fighting
 + Level 1.2 Staves
 - Level 1.7 Dodging
 - Level 1.7 Stealth
 - Level 2.0 Spellcasting
 * Level 3.2 Conjurations
 * Level 4.3 Fire Magic


You had 2 spell levels left.
You knew the following spells:

 Your Spells              Type           Power        Failure   Level  Hunger
a - Flame Tongue          Conj/Fire      ##...        4%          1    #......
b - Throw Flame           Conj/Fire      ##....       7%          2    ###....
c - Conjure Flame         Conj/Fire      ##......     13%         3    ###....

Your spell library contained the following spells:

 Spells                   Type           Power        Failure   Level  Hunger
 Inner Flame              Hex/Fire       #.......     26%         3    ###....
 Sticky Flame             Conj/Fire      ##......     41%         4    #####..
 Fireball                 Conj/Fire      ##........   77%         5    ######.


Dungeon Overview and Level Annotations

Branches:
Dungeon (4/15)
 Temple: D:4-7

Altars:
Makhleb
Zin

Annotations:
D:3 Edmund


Innate Abilities, Weirdness & Mutations

Your plain brown scales are hard. (AC +5)
You cannot fit into any form of body armour.
You are cold-blooded and may be slowed by cold attacks.


Message History

Edmund is moderately wounded.
You feel sick.
Edmund hits you with a +3 flail of venom.
You are more poisoned.
Edmund hits you with a +3 flail of venom!
* * * LOW HITPOINT WARNING * * *
You are more poisoned.
You feel much better.
You feel very sick.
Edmund hits you with a +3 flail of venom!
You are more poisoned.
You feel very sick. Edmund misses you.
You feel very sick.
Edmund hits you with a +3 flail of venom!
* * * LOW HITPOINT WARNING * * *
You are more poisoned.
It was a potion of might.
You feel very mighty all of a sudden.
You die...

##############.# # ######
#.# ###....# #.#
..#....#######.#
..#....'.......#
..#....###.##### ..#....#
#..# ###....###..########
................@@>#
............######.#
..............####.#
###########.#......#
#.#......# #.##.....# ####
#.##.....# ...#
######.##.....#########
##'###......###..#.#.......#


You could see Edmund (berserk).

Vanquished Creatures
  An ogre (D:4)
  Crazy Yiuf (D:2)
  An orc priest (D:3)
  An ooze (D:2)
  A worm (D:3)
  A dart slug (D:3)
  A leopard gecko (D:3)
  4 orcs (D:3)
  A ball python (D:1)
  3 giant cockroaches
  8 goblins
  10 hobgoblins
  4 jackals (D:2)
  5 kobolds
  3 quokkas
  4 bats
  6 frilled lizards
  6 rats
61 creatures vanquished.

Notes
Turn   | Place    | Note
-------+----------+-------------------------------------------
     0 | D:1      | IBeShadow the Draconian Fire Elementalist began the quest
                  | for the Orb.
     0 | D:1      | Reached XP level 1. HP: 14/14 MP: 3/3
   132 | D:1      | Reached XP level 2. HP: 19/22 MP: 5/5
   133 | D:1      | Reached skill level 1 in Fighting
   773 | D:1      | Learned a level 2 spell: Throw Flame
  1296 | D:2      | Found a runed translucent door.
  1297 | D:2      | Noticed Crazy Yiuf
  1643 | D:2      | Reached XP level 3. HP: 18/28 MP: 6/6
  2284 | D:2      | Killed Crazy Yiuf
  2553 | D:3      | Reached XP level 4. HP: 34/36 MP: 7/7
  3046 | D:3      | Found a burning altar of Makhleb.
  3051 | D:3      | Found a glowing silver altar of Zin.
  3052 | D:3      | Noticed an angel
  3054 | D:3      | Noticed an Executioner
  3077 | D:3      | Reached skill level 4 in Fire Magic
  3096 | D:3      | Learned a level 3 spell: Conjure Flame
  3328 | D:4      | Noticed an ogre
  3333 | D:4      | Noticed Edmund
  3334 | D:4      | Killed an ogre
  3334 | D:4      | Reached skill level 1 in Staves
  3334 | D:4      | Reached XP level 5. HP: 36/44 MP: 4/8
  3353 | D:3      | HP: 2/44 [Edmund/+3 flail of venom (12)]
  3354 | D:3      | Succumbed to Edmund's poison

Skill      XL: |  1  2  3  4 |
---------------+-------------+-----
Fighting       | 1 2 |  2.9
Conjurations   | 2 3 |  3.2
Fire Magic     | 4 |  4.3
Staves         | 1 |  1.2
Dodging        | |  1.7
Stealth        | |  1.7
Spellcasting   | |  2.0

Action                   |  1- 3 |  4- 6 || total
-------------------------+-------+-------++-------
Melee: Mace              |    74 |       ||    74
       Unarmed           |     1 |       ||     1
       Tailslap          |     4 |     8 ||    12
       Quarterstaff      |     4 |    65 ||    69
 Cast: Flame Tongue      |     7 |     3 ||    10
       Throw Flame       |     2 |       ||     2
  Use: Potion            |       |     3 ||     3
 Stab: Sleeping          |     4 |       ||     4
  Eat: Chunk             |     5 |     3 ||     8
Armor: Skin              |    31 |    17 ||    48
Dodge: Dodged            |    84 |    42 ||   126
